 Dungeon Crawl Stone Soup version 0.30-a0-862-g1aabd4f9c5 (webtiles) character file.

Game seed: 12919071864786887798

2243973 retardedninja the Axe Maniac (level 27, 245/245 HPs)
             Began as a Minotaur Fighter on Mar 8, 2023.
             Was the Champion of Hepliaklqana.
             Escaped with the Orb
             ... and 4 runes!
             The game lasted 02:30:49 (76675 turns).

retardedninja the Axe Maniac (Minotaur Fighter)    Turns: 76675, Time: 02:30:50

Health: 245/245    AC: 57    Str: 35 (36) XL:     27
Magic:  22/22      EV: 14    Int:  4 (8)  God:    Hepliaklqana [******]
Gold:   1681       SH: 33    Dex: 19      Spells: 26/26 levels left

rFire   + + +      SeeInvis +    k - +4 consecrated labrys {holy, Valiant Fragile Fly SInv}
rCold   + . .      Faith    .    c - +2 tower shield {rC+ rF+}
rNeg    . . .      Spirit   .    S - +9 scales of the Dragon King {rPois rF+ rC+ Will+}
rPois   +          Reflect  +    U - +2 hat {Will+}
rElec   +          Rampage  .    R - +2 cloak {rCorr}
rCorr   +          Harm     + .  E - +2 pair of gloves {infuse}
Will    +++++                    I - +1 pair of boots "Rilaas" {rPois Will+ Regen+ Dex+3} Stlth
                                 a - amulet of Imyux {Reflect Harm Drain rElec Regen+ SH+5 Stlth+}
HPRegen 2.20/turn                M - ring of the Tortoise {AC+8}
MPRegen 0.18/turn                A - ring "Umeritog" {rF+ Str+6}

@: flying, studying 2 skills
A: reduced essence, horns 2, retaliatory headbutt, talons 1, agile 1, clever 1,
deterioration 2, strong-willed 2, poison resistance, cold vulnerability 1,
inability to read after injury 1, devolution 1
0: Orb of Zot
}: 4/15 runes: decaying, slimy, silver, gossamer
a: Renounce Religion, Recall Ancestor, Ancestor Identity, Transference, Idealise


You escaped.
You worshipped Hepliaklqana.
Hepliaklqana was exalted by your worship.
You visited 13 branches of the dungeon, and saw 57 of its levels.
You visited 2 bazaars.
You also visited: Trove, Sewer, Ossuary and Wizlab.

You collected 8772 gold pieces.
You spent 7091 gold pieces at shops.

Inventory:

Hand Weapons
 k - the +4 consecrated labrys (weapon) {holy, Valiant Fragile Fly SInv}
   (You bought it in a shop on level 10 of the Dungeon)

   Valiant:   It becomes more powerful as more dangerous foes come into view.
   SInv:      It lets you see invisible.
   Fly:       It grants you flight.
   Fragile:   It will be destroyed if unequipped.
 p - the +7 lajatang of Order {silver, rMut}
   (You found it in a treasure trove)

   rMut:      It protects you from mutation.
Missiles
 h - 12 javelins (quivered)
Armour
 c - a +2 tower shield of resistance (worn)
 E - a +2 pair of gloves of infusion (worn)
 I - the +1 pair of boots "Rilaas" (worn) {rPois Will+ Regen+ Dex+3}
   (You found it on level 1 of the Lair of Beasts)

   Dex:       It affects your dexterity (+3).
   rPois:     It protects you from poison.
   Regen:     It increases your rate of health regeneration.
   Will:      It increases your willpower.
 R - a +2 cloak of preservation (worn)
 S - the +9 scales of the Dragon King (worn) {rPois rF+ rC+ Will+}
   (You bought it in a shop on level 2 of the Elven Halls)

   rF:        It protects you from fire.
   rC:        It protects you from cold.
   rPois:     It protects you from poison.
   Will:      It increases your willpower.
 U - a +2 hat of willpower (worn)
Jewellery
 a - the amulet of Imyux (around neck) {Reflect Harm Drain rElec Regen+ SH+5 Stlth+}
   (You found it on level 3 of the Depths)

   [amulet of reflection]

   It reflects blocked missile attacks.
   rElec:     It insulates you from electricity.
   Regen:     It increases your rate of health regeneration.
   Drain:     It drains your maximum health when unequipped.
   SH:        It affects your SH (+5).
   Harm:      It increases damage dealt and taken.
   Stlth:     It makes you more stealthy.
 A - the ring "Umeritog" (right hand) {rF+ Str+6}
   (You took it off a deep elf high priest on level 3 of the Elven Halls)

   [ring of strength]

   Str:       It affects your strength (+6).
   rF:        It protects you from fire.
 M - the ring of the Tortoise (left hand) {AC+8}
   (You took it off a deep elf pyromancer on level 3 of the Elven Halls)

   [ring of protection]

   AC:        It affects your AC (+8).
Wands
 e - a wand of mindburst (21)
 f - a wand of quicksilver (8)
 m - a wand of paralysis (79)
 t - a wand of iceblast (52)
 u - a wand of flame (160)
 y - a wand of polymorph (23)
 J - a wand of digging (6)
Scrolls
 b - 2 scrolls of blinking
 l - 15 scrolls of fear
 n - 5 scrolls of poison
 q - a scroll of immolation
 s - a scroll of vulnerability
 x - 23 scrolls of teleportation
 B - 7 scrolls of fog
 D - a scroll of summoning
 H - 3 scrolls of silence
 L - 2 scrolls of magic mapping
 T - 6 scrolls of amnesia
Potions
 d - 6 potions of resistance
 j - 18 potions of curing
 r - a potion of attraction
 v - 9 potions of ambrosia
 w - 4 potions of lignification
 z - 6 potions of magic
 C - 15 potions of flight
 F - 2 potions of cancellation
 G - 12 potions of might
 K - a potion of mutation
 P - 6 potions of brilliance
Miscellaneous
 g - a tin of tremorstones (2/2)
 i - the horn of Geryon
 o - a phantom mirror
 N - a piece from Xom's chessboard (15/15)
 Q - a box of beasts
 W - a lightning rod (4/4)
 Z - a condenser vane


   Skills:
 O Level 27 Fighting
 O Level 27 Axes
 - Level 14.2 Staves
 + Level 17.0 Throwing
 O Level 27 Armour
 - Level 10.5 Dodging
 O Level 27 Shields
 + Level 16.1 Evocations


You had 26 spell levels left.
You didn't know any spells.
Your spell library contained the following spells:

 Spells                   Type           Power      Damage    Failure   Level
 Foxfire                  Conj/Fire      0%         2x1d4     94%         1
 Kiss of Death            Conj/Necr      0%         2d5       94%         1
 Magic Dart               Conj           0%         1d3       94%         1
 Necrotise                Necr           0%         1d4       94%         1
 Shock                    Conj/Air       0%         1d3       94%         1
 Slow                     Hex            0%         N/A       94%         1
 Sting                    Tmut/Pois      0%         1d3       94%         1
 Call Imp                 Summ           0%         N/A       98%         2
 Cigotuvi's Dreadful Rot  Necr/Pois/Air  0%         N/A       98%         2
 Ensorcelled Hibernation  Hex/Ice        0%         N/A       98%         2
 Passwall                 Tmut/Erth      0%         N/A       98%         2
 Poisonous Vapours        Pois/Air       0%         N/A       98%         2
 Scorch                   Fire           0%         2d5       98%         2
 Searing Ray              Conj           0%         2d4       98%         2
 Static Discharge         Conj/Air       0%         2-2/arc   98%         2
 Sublimation of Blood     Necr           0%         N/A       98%         2
 Call Canine Familiar     Summ           0%         N/A       100%        3
 Confusing Touch          Hex            0%         N/A       100%        3
 Frozen Ramparts          Ice            0%         1d1       100%        3
 Hailstorm                Conj/Ice       0%         3d3       100%        3
 Ignite Poison            Fire/Tmut/Pois 0%         N/A       100%        3
 Inner Flame              Hex/Fire       0%         N/A       100%        3
 Kindle Blastsparks       Fire/Tloc/Air  0%         2d10      100%        3
 Mephitic Cloud           Conj/Pois/Air  0%         N/A       100%        3
 Ozocubu's Armour         Ice            0%         N/A       100%        3
 Portal Projectile        Hex/Tloc       0%         N/A       100%        3
 Spider Form              Tmut/Pois      0%         N/A       100%        3
 Stone Arrow              Conj/Erth      0%         3d7       100%        3
 Summon Guardian Golem    Hex/Summ       0%         N/A       100%        3
 Swiftness                Air            0%         N/A       100%        3
 Tukima's Dance           Hex            0%         N/A       100%        3
 Vampiric Draining        Necr           0%         2d6       100%        3
 Vhi's Electric Charge    Tloc/Air       0%         N/A       100%        3
 Airstrike                Air            0%         2d(0-16)  100%        4
 Anguish                  Hex/Necr       0%         N/A       100%        4
 Animate Armour           Summ/Erth      0%         N/A       100%        4
 Animate Dead             Necr           0%         N/A       100%        4
 Cause Fear               Hex            0%         N/A       100%        4
 Dispel Undead            Necr           0%         3d6       100%        4
 Flame Wave               Conj/Fire      0%         2d4       100%        4
 Fulminant Prism          Conj/Hex       0%         3d5       100%        4
 Ice Form                 Ice/Tmut       0%         N/A       100%        4
 Leda's Liquefaction      Hex/Erth       0%         N/A       100%        4
 Manifold Assault         Tloc           0%         N/A       100%        4
 Olgreb's Toxic Radiance  Pois           0%         N/A       100%        4
 Petrify                  Tmut/Erth      0%         N/A       100%        4
 Sticky Flame             Conj/Fire      0%         2d3       100%        4
 Summon Lightning Spire   Summ/Air       0%         N/A       100%        4
 Arcjolt                  Conj/Air       0%         1d10      100%        5
 Blade Hands              Tmut           0%         N/A       100%        5
 Fireball                 Conj/Fire      0%         3d3       100%        5
 Freezing Cloud           Conj/Ice/Air   0%         6-21      100%        5
 Irradiate                Conj/Tmut      0%         3d11      100%        5
 Iskenderun's Battlesphe  Conj           0%         2d6       100%        5
 Lee's Rapid Deconstruct  Erth           0%         3d4*      100%        5
 Lightning Bolt           Conj/Air       0%         1d11      100%        5
 Metabolic Englaciation   Hex/Ice        0%         N/A       100%        5
 Silence                  Hex/Air        0%         N/A       100%        5
 Summon Forest            Summ/Tloc      0%         N/A       100%        5
 Summon Mana Viper        Hex/Summ       0%         N/A       100%        5
 Conjure Ball Lightning   Conj/Air       0%         3x3d6     100%        6
 Death Channel            Necr           0%         N/A       100%        6
 Dispersal                Tloc           0%         N/A       100%        6
 Iron Shot                Conj/Erth      0%         9d1       100%        6
 Simulacrum               Ice/Necr       0%         N/A       100%        6
 Starburst                Conj/Fire      0%         6d3       100%        6
 Statue Form              Tmut/Erth      0%         N/A       100%        6
 Summon Cactus Giant      Summ           0%         N/A       100%        6
 Dragon Form              Tmut           0%         N/A       100%        7
 Haunt                    Necr/Summ      0%         N/A       100%        7
 Orb of Destruction       Conj           0%         9d5       100%        7
 Ozocubu's Refrigeration  Ice            0%         4d7       100%        7
 Spellforged Servitor     Conj/Summ      0%         N/A       100%        7
 Storm Form               Tmut/Air       0%         N/A       100%        7
 Disjunction              Tloc           0%         N/A       100%        8
 Infestation              Necr           0%         N/A       100%        8
 Lehudib's Crystal Spear  Conj/Erth      0%         10d2      100%        8
 Necromutation            Tmut/Necr      0%         N/A       100%        8
 Summon Horrible Things   Summ           0%         N/A       100%        8
 Dragon's Call            Summ           0%         N/A       100%        9


Dungeon Overview and Level Annotations

Branches:
Dungeon (15/15)            Temple (1/1) D:7            Lair (5/5) D:8
  Swamp (4/4) Lair:3       Spider (4/4) Lair:2        Slime (5/5) Lair:5
    Orc (2/2) D:12            Elf (3/3) Orc:2        Vaults (5/5) D:13
  Crypt (3/3) Vaults:2       Tomb (0/3) Crypt:3      Depths (4/4) D:15
   Hell (visited)             Dis (0/7) Hell            Geh (0/7) Hell
    Coc (0/7) Hell            Tar (0/7) Hell            Zot (5/5) Depths:4
  Sewer (visited)         Ossuary (visited)          WizLab (visited)

Altars:
Ashenzari
Cheibriados
Dithmenos
Elyvilon
Fedhas
Gozag
Hepliaklqana
Kikubaaqudgha
Makhleb
Nemelex Xobeh
Okawaru
Qazlal
Ru
Sif Muna
Trog
Uskayaw
Vehumet
Wu Jian
Xom
Yredelemnul
Zin
The Shining One

Shops:
D:3 ?   D:9 *   D:10 (   D:11 [   Orc:2 !:![   Elf:1 (:   Elf:2 [   Vaults:1 ?
Depths:2 *

Portals:
Hell: Depths:1 Depths:2 Depths:3 Depths:4
Abyss: Depths:3 Depths:4
Pandemonium: Orc:2 Depths:2
Ziggurat: Depths:2

Annotations:
Spider:2 exclusion: ice statue
Elf:2 2 runed translucent doors
Vaults:4 3 runed translucent doors, Yptir's ghost, adept AtFE


Innate Abilities, Weirdness & Mutations

Your life essence is reduced to manifest your ancestor. (-10% HP)
You have a pair of horns on your head.
You reflexively headbutt those who attack you in melee.
You have sharp toenails.
You are agile. (Dex +4, Str/Int -1)
Your mind is acute. (Int +4, Str/Dex -1)
Your body often deteriorates upon taking damage.
You are highly strong-willed. (Will++)
Your system is resistant to poisons. (rPois)
You are vulnerable to cold. (rC-)
You occasionally lose the ability to read scrolls when taking damage.
You have hidden genetic defects.


Message History

No target in view!
A large abomination comes into view.
You block the large abomination's attack.
You slice the large abomination!!
The large abomination convulses!!
You destroy the large abomination!
No target in view!
No target in view!
There is a stone staircase leading up here.
Magic restored.
You fly upwards.
There is a stone staircase leading down here.
There is a stone staircase leading up here.
You fly upwards.
There is a stone staircase leading down here.
You see here a +0 dagger.
There is an open door here.
A glowing orange brain comes into view.
You completely miss the glowing orange brain.
You barely miss the glowing orange brain.
You headbutt the glowing orange brain!
The glowing orange brain is moderately wounded.
The glowing orange brain blinks!
The glowing orange brain pulsates.
You feel dopey. Something feeds on your intellect!
The glowing orange brain pulsates.
You feel dopey. Something feeds on your intellect!
The glowing orange brain pulsates.
The glowing orange brain radiates an aura of fear!
You resist with almost no effort.
You see here a +0 dagger.
You chop the glowing orange brain into pieces!!!!
You kill the glowing orange brain!
You feel your intelligence returning.
No target in view!
No target in view!
No target in view!
There is a staircase leading out of the dungeon here.
You have escaped!

##.#......#################
###..#..............#.......#
#.).###############.#.#####.#
#.### #.........#.#.....#.#
..# #.........#.#..##.#†#
###### #..............##.#.#
.....####...♣.......#.###.#.#
........#....8......#.....#.#
####.##.#.......@...#######.#
.....##.#...................#
#######.#..........##########
#.#..........#
#######.##########.#
..........# #.#
#######.#.########.#
#######.#..........#
........############


There were no monsters in sight!

Vanquished Creatures
  the Royal Jelly (Slime:5)
  5 dread liches
  6 orbs of fire
  2 ancient liches
  The ghost of Kawoqao the Minotaur Barricade, a legendary MiBe of Trog (Zot:3)
  Boris (thrice) (Vaults:3 Depths:3 Depths:4)
  The ghost of Luiw the Slayer, a veteran HOBe of Trog (Vaults:2)
  5 caustic shrikes (Depths:3)
  Xtahua (Vaults:4)
  3 Killer Klowns
  the Lernaean hydra (Swamp:4)
  2 curse toes
  Geryon (Hell)
  Hellbinder (WizLab)
  A profane servitor (Crypt:3)
  8 golden dragons
  Arachne (Spider:3)
  2 doom hounds (Zot:1)
  A hellephant (Depths:1)
  Rupert (Spider:1)
  3 electric golems
  A shard shrike zombie (Crypt:3)
  A walking crystal tome (Depths:3)
  4 liches
  20 tentacled monstrosities
  25 Orb Guardians
  Grunn (Zot:1)
  3 deep elf blademasters (Elf:3)
  10 quicksilver dragons
  3 deep elf master archers (Elf:3)
  4 titans (Vaults:5)
  16 acid blobs
  5 sphinxes
  13 ancient champions
  6 death cobs
  The ghost of FexLirch the Brawler, an adept TrGl of Gozag (Swamp:3)
  The ghost of Ubraesch the Brawler, an adept TrMo of Nemelex Xobeh (Depths:3)
  9 tengu reavers
  11 storm dragons
  The ghost of Ylluogh the Protected, an adept GnWn of Ashenzari (Swamp:2)
  2 revenants (Crypt:3)
  2 rockslimes
  7 draconian monks
  3 azure jellies
  11 shadow dragons
  A demonspawn warmonger (D:3)
  9 frost giants
  4 emperor scorpions (Spider:4)
  A balrug (WizLab)
  18 vault wardens
  11 fire giants
  4 draconian knights
  3 caustic shrike zombies
  5 iron dragons
  4 draconian shifters
  8 deep elf sorcerers
  8 draconian scorchers
  Louise (Spider:1)
  6 ghost moths
  A cacodemon (WizLab)
  2 deep elf elementalists (Elf:3)
  3 curse skulls (Crypt:2)
  15 ghouls
  22 ironbound preservers
  A caustic shrike skeleton (Crypt:2)
  11 draconian stormcallers
  A demonspawn blood saint (WizLab)
  9 draconian annihilators
  6 reapers
  13 stone giants
  13 very ugly things
  3 quicksilver oozes (Slime:5)
  10 ironbound thunderhulks
  7 vampire knights
  2 war gargoyles (Vaults:4)
  11 green draconians
  3 lorocyprocas
  4 deep elf demonologists
  4 eleionomae
  2 deep elf annihilators
  12 black draconians
  12 white draconians
  20 purple draconians
  Nessos (Lair:5)
  15 red draconians
  11 dire elephants
  A bunyip (Swamp:1)
  9 yellow draconians
  4 spark wasps
  2 crystal guardians
  2 iron golems
  5 deep elf death magi
  A green death (WizLab)
  3 mummy priests
  8 ettins
  3 eidola
  6 fire dragons
  A blizzard demon (Hell)
  A spriggan zombie (Crypt:3)
  3 entropy weavers
  6 deep elf high priests
  5 yaktaur captains
  15 jiangshi
  2 salamander tyrants (Depths:1)
  7 great orbs of eyes
  Josephine (Spider:1)
  4 spriggan air magi
  31 vault guards
  4 ogre magi (Vaults:5)
  11 ice dragons
  3 rakshasas
  4 peacekeepers
  3 hell beasts (WizLab)
  A fenstrider witch zombie (Crypt:3)
  A ghost crab (Swamp:3)
  2 demonspawn (Orc:2)
  13 hydras
  4 radroaches
  2 jorogumos
  A jorogumo (shapeshifter) (D:15)
  3 spriggan skeletons
  8 ironbound frosthearts
  7 alligators
  10 boulder beetles
  2 catoblepae (Depths:1)
  9 centaur warriors
  A death knight (Crypt:1)
  4 two-headed ogres
  A bennu skeleton (Crypt:2)
  A satyr (shapeshifter) (Depths:2)
  6 deep troll earth magi
  A fenstrider witch skeleton (Crypt:2)
  3 death yaks (D:8)
  16 vampire magi
  2 tengu warriors
  4 hell hogs (Hell)
  22 dancing weapons
  2 spriggan berserkers
  6 deep troll shamans
  5 orc high priests (Orc:2)
  Nergalle (Lair:2)
  5 sun demons
  10 soul eaters
  2 titan zombies (Crypt:3)
  17 hell knights
  11 deep elf knights
  A skyshark (Lair:4)
  3 titan skeletons (Crypt:2)
  A storm dragon zombie (Hell)
  41 skeletal warriors
  9 iron trolls
  5 shadow wraiths
  2 golden dragon zombies
  A goliath frog (Swamp:4)
  A storm dragon skeleton (Crypt:1)
  3 sixfirhies
  An anaconda zombie (Hell)
  2 shadow demons (WizLab)
  3 spriggan druids
  4 pharaoh ants
  6 swamp dragons
  A quicksilver dragon simulacrum (Crypt:3)
  4 glowing orange brains
  21 ironbound convokers
  6 flayed ghosts
  4 orange crystal statues
  8 bog bodies
  55 deep trolls
  6 lindwurms
  Pikel (D:6)
  6 orb spiders
  10 orc knights
  6 deep elf archers
  4 steelbarb worms
  10 wizards
  10 phantasmal warriors
  A bunyip skeleton (Crypt:2)
  22 wolf spiders
  A wolf spider zombie (Crypt:3)
  13 deep elf pyromancers
  2 obsidian statues (Zot:5)
  2 oklob plants (Lair:5)
  2 anaconda skeletons
  5 harpies
  11 necromancers
  A sphinx zombie (Hell)
  5 shining eyes
  A broodmother zombie (Crypt:3)
  34 ugly things
  A golden dragon skeleton (Crypt:1)
  21 deep elf zephyrmancers
  2 will-o-the-wisps
  2 fire giant zombies
  22 moths of wrath
  5 manticores
  4 cyclopes
  A frost giant zombie (Hell)
  A stone giant zombie (Hell)
  9 orc sorcerers
  A titan simulacrum (Hell)
  A goliath frog skeleton (Crypt:2)
  17 elephants
  A cyclops (shapeshifter) (Vaults:4)
  A dire elephant zombie (Crypt:3)
  2 naga magi (Vaults:1)
  14 vault sentinels
  3 rust devils
  5 torpor snails
  7 demonic crawlers
  A shock serpent skeleton (Crypt:2)
  2 gargoyles
  7 centaur skeletons
  An orange demon (WizLab)
  2 naga skeletons
  A sea snake zombie (Hell)
  A catoblepas zombie (Crypt:1)
  2 hellions
  2 stone giant skeletons
  17 cane toads
  An unseen horror (D:11)
  A dire elephant skeleton (Crypt:2)
  An anaconda simulacrum (Hell)
  9 komodo dragons
  A rime drake (Lair:5)
  2 efreet
  41 yaktaurs
  A minotaur zombie (Crypt:1)
  A kobold demonologist (D:12)
  An ice devil (WizLab)
  A tormentor (Zot:2)
  7 guardian mummies (Crypt:3)
  5 freezing wraiths
  A burning bush (Lair:3)
  3 harpy zombies
  A red devil (WizLab)
  9 meliai
  A sea snake skeleton (Hell)
  7 trolls
  2 hydra zombies (Hell)
  A queen bee (Lair:2)
  2 harpy skeletons
  8 blink frogs
  A hydra skeleton (Hell)
  16 tarantellas
  23 hornets
  5 polar bears
  A satyr zombie (Crypt:2)
  8 tyrant leeches
  3 hellwings (WizLab)
  A dream sheep (shapeshifter) (Vaults:5)
  A culicivora zombie (Crypt:2)
  11 culicivoras
  A large abomination (D:3)
  2 ettin zombies
  19 jumping spiders
  A shadow (D:12)
  3 air elementals
  23 spriggans
  Sigmund (D:2)
  11 flying skulls
  A fire dragon skeleton (Crypt:2)
  51 slime creatures
  3 ynoxinuls (WizLab)
  12 wraiths
  An ettin skeleton (Crypt:2)
  2 water elementals
  An elf skeleton (Vaults:2)
  The ghost of arandomgamer the Chopper, an amateur HOFi (D:5)
  An ushabti (Crypt:3)
  3 vampires
  4 wyverns
  A human (shapeshifter) (Elf:2)
  A basilisk (Lair:5)
  Eustachio (D:6)
  A fire elemental (Elf:2)
  A golden eye (shapeshifter) (Elf:2)
  20 vampire mosquitoes
  3 chaos spawn (WizLab)
  A neqoxec (WizLab)
  5 steam dragons
  28 yaks
  A sea snake simulacrum (Hell)
  A black mamba skeleton (Crypt:2)
  45 redbacks
  2 glowing shapeshifter zombies
  10 swamp worms
  A swamp worm (shapeshifter) (Vaults:4)
  2 acid dragons
  Edmund (D:4)
  An entropy weaver zombie (Crypt:1)
  Duvessa (D:6)
  A glowing shapeshifter skeleton (Vaults:2)
  A floating eye (Depths:3)
  14 water moccasins
  34 orc warriors
  5 swamp drakes
  5 black bears
  2 sky beasts (D:7)
  4 boggarts
  An alligator simulacrum (Hell)
  2 ice beasts
  35 wolves
  2 ettin simulacra
  7 ogres
  6 centaurs
  A human skeleton (Vaults:2)
  A manticore skeleton (Crypt:3)
  3 kobold brigands
  2 swamp dragon skeletons (Crypt:2)
  A phantom (D:5)
  A salamander zombie (Crypt:2)
  7 bullfrogs
  9 earth elementals
  3 necrophages (Crypt:3)
  3 scorpions
  4 wights
  Dowan (D:6)
  A water moccasin skeleton (Crypt:1)
  36 killer bees
  8 electric eels
  3 howler monkeys
  20 orc priests
  A black bear zombie (Crypt:3)
  2 gnoll boudas
  2 jellies
  A black bear skeleton (Crypt:2)
  4 iguanas
  Ijyb (D:4)
  2 sleepcaps (D:8)
  8 hell rats
  13 orc wizards
  8 mummies (Ossuary)
  16 adders
  9 gnolls
  4 river rats (D:6)
  2 white imps
  2 ufetubi
  A jelly zombie (Crypt:3)
  5 worms
  2 dart slugs
  68 orcs
  2 endoplasms (D:1)
  4 giant cockroaches
  3 gnoll zombies
  4 goblins
  10 hobgoblins
  7 jackals
  9 quokkas
  6 ball pythons
  6 bats
  6 frilled lizards
  2 hobgoblin zombies (Ossuary)
  A jackal skeleton (Crypt:1)
  23 kobolds
  2 kobold zombies
  3 orc zombies (Ossuary)
  6 rats
  A rat zombie (D:7)
  A spectral kobold (D:2)
  A fire vortex (Hell)
2242 creatures vanquished.

Vanquished Creatures (collateral kills)
  An orb of fire (Zot:5)
  2 ancient liches
  Sojobo (Depths:2)
  Boris (Depths:1)
  A Killer Klown (Zot:5)
  A golden dragon (Zot:2)
  A deep elf blademaster (Elf:2)
  A quicksilver dragon (Zot:2)
  3 Orb Guardians (Zot:5)
  3 liches
  3 titans (Vaults:5)
  An acid blob (Slime:3)
  3 storm dragons
  3 draconian monks
  A tengu reaver (Depths:2)
  A thorn hunter (Swamp:3)
  3 shadow dragons
  A fire giant (Depths:3)
  2 iron dragons
  A draconian scorcher (Zot:4)
  A draconian knight (Zot:1)
  3 deep elf sorcerers (Elf:3)
  3 vault wardens (Vaults:5)
  A frost giant (Depths:3)
  2 ghouls (Crypt:3)
  A draconian shifter (Zot:1)
  4 deep elf elementalists
  A broodmother (Spider:4)
  A cacodemon (Hell)
  A draconian annihilator (Zot:5)
  3 ironbound preservers
  2 quicksilver oozes (Slime:2)
  An ironbound thunderhulk (Vaults:3)
  4 draconian stormcallers
  A reaper (Hell)
  3 very ugly things
  2 war gargoyles
  A dire elephant (Vaults:4)
  A deep elf demonologist (Elf:1)
  A bunyip (Swamp:4)
  2 red draconians
  3 white draconians
  4 deep elf annihilators
  A black draconian (Zot:5)
  2 purple draconians
  A yellow draconian (Zot:5)
  A blizzard demon (Hell)
  2 eidola (Crypt:2)
  2 spark wasps
  2 deep elf death magi
  3 fire dragons
  A deep elf high priest (Elf:3)
  5 vault guards
  2 jiangshi (Crypt:3)
  A great orb of eyes (Slime:4)
  4 hydras
  2 ironbound frosthearts
  A catoblepas (D:13)
  An ice dragon (Depths:3)
  A ghost crab (Swamp:3)
  3 dancing weapons
  2 radroaches (Spider:4)
  A deep troll shaman (Depths:4)
  A boulder beetle (Spider:3)
  2 spriggan berserkers (Depths:2)
  2 hell hogs (Hell)
  2 two-headed ogres
  2 hell knights (Hell)
  A crystal echidna (Hell)
  6 deep elf knights
  An iron troll (Depths:3)
  A goliath frog (Swamp:4)
  2 skeletal warriors
  A sun demon (Hell)
  11 deep trolls
  2 orb spiders
  An anaconda zombie (Hell)
  2 shadow wraiths (Vaults:5)
  A death drake (Swamp:3)
  6 swamp dragons
  2 steelbarb worms
  2 bog bodies
  3 wizards
  2 ironbound convokers
  5 deep elf archers
  2 lindwurms
  An orc knight (Orc:2)
  2 deep elf pyromancers
  3 necromancers
  9 deep elf zephyrmancers
  A shining eye (Slime:2)
  A harpy (Vaults:4)
  A will-o-the-wisp (Swamp:3)
  3 wolf spiders
  6 ugly things
  2 cyclopes
  A manticore (D:13)
  3 elephants (Lair:5)
  3 moths of wrath
  A demonic crawler (Spider:2)
  4 vault sentinels
  5 yaktaurs
  An alligator snapping turtle skeleton (Crypt:3)
  2 freezing wraiths
  A dire elephant skeleton (Hell)
  3 meliai
  3 tyrant leeches
  8 tarantellas
  3 blink frogs
  A harpy skeleton (Crypt:3)
  3 hornets
  A culicivora (shapeshifter) (D:13)
  21 slime creatures
  7 jumping spiders
  2 spriggans
  An air elemental (Elf:3)
  3 culicivoras
  2 flying skulls (Crypt:1)
  4 yaks
  An ushabti (Crypt:3)
  A chaos spawn (WizLab)
  9 redbacks
  4 vampire mosquitoes
  2 swamp worms
  3 swamp drakes (Swamp:4)
  3 orc warriors
  2 wolves
  A kobold brigand (D:5)
  An earth elemental (Elf:3)
  A necrophage (Crypt:3)
  2 bullfrogs (Lair:4)
  A killer bee (Lair:2)
  A howler monkey (D:12)
  An electric eel (Lair:2)
  4 orc priests
  An orc wizard (D:14)
  A hell rat (Lair:5)
  An adder (Lair:2)
  10 orcs
  A kobold (D:14)
  A ball python skeleton (Crypt:1)
  A hobgoblin zombie (Crypt:3)
  A briar patch (Swamp:3)
344 creatures vanquished.

Vanquished Creatures (others)
  A draconian knight (Zot:5)
  A deep elf annihilator (Elf:3)
  A deep troll shaman (Depths:2)
  A deep elf knight (Elf:1)
  A deep troll (Depths:2)
  A deep elf archer (Elf:3)
  A bloated husk (Swamp:2)
  2 tyrant leeches
  A culicivora (Spider:4)
  A chaos spawn (WizLab)
  30 knights
  2 ancestors (D:11)
  An orc wizard (D:2)
  A gnoll (D:8)
  A shadow imp (D:8)
  A white imp (D:8)
  A kobold (D:5)
  19 foxfires
  32 fungi
  138 plants
237 creatures vanquished.

Grand Total: 2823 creatures vanquished

Notes
Turn   | Place    | Note
-------+----------+-------------------------------------------
     0 | D:1      | retardedninja the Minotaur Fighter began the quest for the
                  | Orb.
     0 | D:1      | Reached XP level 1. HP: 19/19 MP: 0/0
   185 | D:1      | Reached XP level 2. HP: 27/27 MP: 1/1
   854 | D:2      | Found a bloodstained altar of Trog.
   871 | D:2      | Reached XP level 3. HP: 31/33 MP: 2/2
   876 | D:2      | Noticed Sigmund
  1126 | D:2      | Killed Sigmund
  1127 | D:2      | Reached XP level 4. HP: 39/41 MP: 3/3
  1127 | D:2      | Reached XP level 5. HP: 44/47 MP: 4/4
  1180 | D:2      | Found a faded altar of an unknown god.
  1510 | D:2      | Reached skill level 5 in Axes
  1806 | D:2      | Reached XP level 6. HP: 54/55 MP: 5/5
  1925 | D:3      | Found a snail-covered altar of Cheibriados.
  2108 | D:3      | Found The Oracle's Delphic Readings.
  2151 | D:3      | Reached skill level 5 in Fighting
  2805 | D:4      | Noticed Edmund
  2837 | D:4      | Killed Edmund
  2838 | D:4      | Reached skill level 5 in Armour
  2838 | D:4      | Reached skill level 5 in Shields
  3353 | D:4      | Reached XP level 7. HP: 55/61 MP: 6/6
  3558 | D:4      | Noticed Ijyb
  3569 | D:4      | Killed Ijyb
  4394 | D:4      | Found a stormy altar of Qazlal.
  4561 | D:5      | Entered Level 5 of the Dungeon
  4606 | D:5      | Identified a scroll of acquirement
  4606 | D:5      | Acquired the +2 pair of boots of the Circus Animal {Regen+
                  | Int+4}
  4840 | D:5      | Reached XP level 8. HP: 70/70 MP: 7/7
  4901 | D:5      | Found a runed translucent gate.
  4903 | D:5      | Noticed arandomgamer's ghost (amateur HOFi)
  4907 | D:5      | Found a runed translucent gate.
  4907 | D:5      | Found a runed translucent gate.
  5187 | D:6      | Noticed Eustachio
  5197 | D:6      | Killed Eustachio
  5285 | D:6      | Found a glowing drain.
  5291 | Sewer    | Entered a sewer
  5452 | D:6      | Noticed Duvessa
  5452 | D:6      | Noticed Dowan
  5453 | D:6      | Noticed Pikel
  5462 | D:6      | Killed Duvessa
  5482 | D:6      | Killed Pikel
  5483 | D:6      | Reached XP level 9. HP: 72/79 MP: 8/8
  5493 | D:6      | Killed Dowan
  5674 | D:6      | Reached skill level 10 in Axes
  6030 | D:7      | Noticed a troll
  6036 | D:7      | Killed a troll
  6230 | D:7      | Found a sand-covered staircase.
  6240 | Ossuary  | Entered an ossuary
  6775 | D:7      | Found a staircase to the Ecumenical Temple.
  6812 | D:8      | Reached XP level 10. HP: 88/90 MP: 9/9
  6868 | D:8      | Noticed a death yak
  6869 | D:8      | Found a staircase to the Lair.
  6869 | D:8      | Noticed a death yak
  6882 | D:8      | Noticed a death yak
  6890 | D:8      | Killed a death yak
  6900 | D:8      | Killed a death yak
  6909 | D:8      | HP: 1/91 [death yak (17)]
  6912 | D:8      | Killed a death yak
  7531 | D:8      | You fall into a shaft and drop 1 floor!
  7630 | D:9      | Noticed a two-headed ogre
  7638 | D:9      | Killed a two-headed ogre
  7890 | Temple   | Entered the Ecumenical Temple
  8032 | Temple   | Became a worshipper of Hepliaklqana the Forgotten
  8118 | D:8      | Found a runed translucent door.
  8215 | D:8      | Found a runed translucent door.
  8301 | D:8      | Noticed a two-headed ogre
  8312 | D:8      | Reached XP level 11. HP: 99/99 MP: 10/10
  8318 | D:8      | Killed a two-headed ogre
  8319 | D:8      | Reached skill level 10 in Fighting
  8319 | D:8      | Reached skill level 10 in Shields
  8340 | D:8      | Noticed a red ugly thing
  8357 | D:8      | Killed a red ugly thing
  8358 | D:8      | Reached skill level 10 in Armour
  8603 | D:8      | Noticed a centaur warrior
  8603 | D:8      | Noticed a two-headed ogre
  8608 | D:8      | Killed a two-headed ogre
  8613 | D:8      | Killed a centaur warrior
  9035 | D:9      | Identified the +1 robe of the Thieving Gods {rF- rC+
                  | Stlth+}
  9111 | D:9      | Found Ifreatau's General Store.
  9119 | D:9      | Bought a potion of heal wounds for 65 gold pieces
  9119 | D:9      | Bought a potion of haste for 130 gold pieces
  9119 | D:9      | Bought a scroll of blinking for 97 gold pieces
  9663 | D:10     | Entered Level 10 of the Dungeon
  9680 | D:10     | Noticed a two-headed ogre
  9688 | D:10     | Killed a two-headed ogre
  9810 | D:10     | Found Kycsuoh's Antique Weapon Shop.
 10039 | D:10     | Reached * piety under Hepliaklqana
 10558 | D:11     | Acquired the +8 orange crystal plate armour {Archmagi,
                  | Int+3 Clar}
 10558 | D:11     | Found the +8 orange crystal plate armour {Archmagi, Int+3
                  | Clar}
 10784 | D:11     | Noticed a centaur warrior
 10800 | D:11     | Killed a centaur warrior
 10822 | D:11     | Reached XP level 12. HP: 79/99 MP: 11/11
 10866 | D:11     | Found a portal to a secret trove of treasure.
 10955 | D:11     | Found Yschucu's Antique Armour Emporium.
 10960 | D:11     | Bought a cloak for 103 gold pieces
 11015 | D:11     | Reached skill level 15 in Axes
 11165 | D:12     | Noticed a two-headed ogre
 11171 | D:12     | Killed a two-headed ogre
 11350 | D:12     | Reached ** piety under Hepliaklqana
 11351 | D:12     | Remembered your ancestor autism as a knight
 11890 | D:12     | Found a staircase to the Orcish Mines.
 12107 | D:13     | Noticed a catoblepas
 12107 | D:13     | Noticed a vault guard
 12109 | D:13     | Noticed a vault guard
 12109 | D:13     | Noticed a centaur warrior
 12110 | D:13     | Noticed a fire dragon
 12255 | Lair:1   | Entered Level 1 of the Lair of Beasts
 12370 | Lair:1   | Identified the +1 pair of boots "Rilaas" {rPois Will+
                  | Regen+ Dex+3}
 12873 | Lair:2   | Reached *** piety under Hepliaklqana
 12903 | Lair:2   | Noticed Nergalle
 12914 | Lair:2   | Killed Nergalle
 13361 | Lair:2   | Found a hole to the Spider Nest.
 13447 | Lair:2   | Reached XP level 13. HP: 107/107 MP: 12/12
 14245 | Lair:3   | Reached skill level 1 in Evocations
 14282 | Lair:3   | Reached **** piety under Hepliaklqana
 14696 | Lair:3   | Identified the +7 rapier of Callousness {flame, rC+}
 14765 | Lair:3   | Found a staircase to the Swamp.
 15568 | Lair:4   | Reached ***** piety under Hepliaklqana
 15807 | Lair:5   | Entered Level 5 of the Lair of Beasts
 16096 | Lair:5   | Reached XP level 14. HP: 86/116 MP: 13/13
 16420 | Lair:5   | Noticed Nessos
 16428 | Lair:5   | Killed Nessos
 16758 | Lair:5   | Identified the ring "Ethreph" {rElec rN+++ Str+6 Dex-2
                  | Slay-3}
 16864 | Lair:5   | Found a staircase to the Slime Pits.
 17371 | Orc:1    | Entered Level 1 of the Orcish Mines
 17795 | D:10     | Bought the +4 consecrated labrys {holy, Valiant Fragile Fly
                  | SInv} for 1256 gold pieces
 17795 | D:10     | Found the +4 consecrated labrys {holy, Valiant Fragile Fly
                  | SInv}
 17919 | Orc:2    | Entered Level 2 of the Orcish Mines
 18166 | Orc:2    | Found a staircase to the Elven Halls.
 18253 | Orc:2    | Found Diraeq's Distillery.
 18255 | Orc:2    | Found Intuibop's Distillery.
 18447 | Orc:2    | Bought 2 potions of mutation for 224 gold pieces
 18539 | Orc:2    | Reached skill level 5 in Evocations
 19118 | Orc:2    | Found Bunloula's Antique Armour Shoppe.
 19118 | Orc:2    | Found Diukuuwk's Book Emporium.
 19119 | Orc:2    | Found a one-way gate leading to the halls of Pandemonium.
 19505 | D:13     | Reached XP level 15. HP: 125/125 MP: 14/14
 19708 | D:13     | Found a gate to the Vaults.
 20012 | D:13     | Found a glowing golden altar of the Shining One.
 20368 | D:14     | Found a white marble altar of Elyvilon.
 20492 | D:14     | Reached ****** piety under Hepliaklqana
 20619 | D:14     | Found a gate leading to a gauntlet.
 20971 | D:15     | Entered Level 15 of the Dungeon
 20992 | D:15     | Reached skill level 15 in Shields
 21291 | D:15     | Reached skill level 15 in Fighting
 21298 | D:15     | Reached skill level 15 in Armour
 21353 | D:15     | Found a sacrificial altar of Ru.
 21667 | D:15     | Found a staircase to the Depths.
 22421 | Swamp:1  | Entered Level 1 of the Swamp
 23116 | Swamp:2  | Reached XP level 16. HP: 133/134 MP: 15/15
 23231 | Swamp:2  | Found a runed translucent door.
 23231 | Swamp:2  | Noticed Ylluogh's ghost (adept GnWn)
 23273 | Swamp:2  | Killed Ylluogh's ghost
 23878 | Swamp:3  | Noticed a thorn hunter
 24045 | Swamp:3  | Found a runed translucent door.
 24045 | Swamp:3  | Noticed a tentacled monstrosity
 24053 | Swamp:3  | Killed a tentacled monstrosity
 24064 | Swamp:3  | Noticed FexLirch's ghost (adept TrGl)
 24094 | Swamp:3  | Killed a thorn hunter
 24120 | Swamp:3  | Killed FexLirch's ghost
 24128 | Swamp:3  | Identified the ring of Gluttony {rElec rF- Will+ Stlth+}
 24131 | Swamp:3  | Identified the +0 arbalest of Harmony {freeze, rPois
                  | Will+++ rCorr Dex-5}
 24527 | Swamp:4  | Entered Level 4 of the Swamp
 25005 | Swamp:4  | Noticed the 27-headed Lernaean hydra
 25015 | Swamp:4  | Killed the 26-headed Lernaean hydra
 25572 | Swamp:4  | Got a decaying rune of Zot
 25900 | Spider:1 | Entered Level 1 of the Spider Nest
 26402 | Spider:1 | Reached XP level 17. HP: 97/143 MP: 16/16
 26535 | Spider:1 | Identified the +5 chain mail of Salvation {rPois Int+2}
 26623 | Spider:1 | Noticed Rupert
 26634 | Spider:1 | Killed Rupert
 26892 | Spider:1 | Noticed Louise
 26900 | Spider:1 | Noticed Josephine
 26904 | Spider:1 | Killed Louise
 26907 | Spider:1 | Killed Josephine
 28274 | Spider:3 | Identified the +0 cloak of the Realm of Zot {*Corrode
                  | Regen+ Int-3 Dex+4}
 28330 | Spider:3 | Gained mutation: You are occasionally teleported next to
                  | monsters. [mutagenic glow]
 28711 | Spider:4 | Entered Level 4 of the Spider Nest
 28724 | Spider:4 | Noticed Arachne
 28757 | Spider:3 | Killed Arachne
 29038 | Spider:3 | Lost mutation: You are occasionally teleported next to
                  | monsters. [potion of mutation]
 29038 | Spider:3 | Gained mutation: Your magical capacity is low. (-10% MP)
                  | [potion of mutation]
 29039 | Spider:3 | Lost mutation: Your magical capacity is low. (-10% MP)
                  | [potion of mutation]
 29039 | Spider:3 | Gained mutation: You have an increased reservoir of magic.
                  | (+10% MP) [potion of mutation]
 29039 | Spider:3 | Gained mutation: You possess an exceptional clarity of
                  | mind. [potion of mutation]
 29039 | Spider:3 | Gained mutation: You do not regenerate when monsters are
                  | visible. [potion of mutation]
 29039 | Spider:3 | Gained mutation: You have sharp toenails. [potion of
                  | mutation]
 29040 | Spider:3 | Lost mutation: You possess an exceptional clarity of mind.
                  | [potion of mutation]
 29040 | Spider:3 | Lost mutation: You have sharp toenails. [potion of
                  | mutation]
 29040 | Spider:3 | Lost mutation: You have an increased reservoir of magic.
                  | (+10% MP) [potion of mutation]
 29040 | Spider:3 | Gained mutation: Your mind is acute. (Int +4, Str/Dex -1)
                  | [potion of mutation]
 29040 | Spider:3 | Gained mutation: You are partially covered in iridescent
                  | scales. (AC +2) [potion of mutation]
 29040 | Spider:3 | Gained mutation: Your system is resistant to poisons.
                  | (rPois) [potion of mutation]
 29041 | Spider:3 | Lost mutation: You do not regenerate when monsters are
                  | visible. [potion of mutation]
 29041 | Spider:3 | Lost mutation: Your mind is acute. (Int +4, Str/Dex -1)
                  | [potion of mutation]
 29041 | Spider:3 | Lost mutation: Your system is resistant to poisons. (rPois)
                  | [potion of mutation]
 29041 | Spider:3 | Gained mutation: You are frail. (-10% HP) [potion of
                  | mutation]
 29041 | Spider:3 | Gained mutation: You are vulnerable to cold. (rC-) [potion
                  | of mutation]
 29982 | Spider:4 | Reached XP level 18. HP: 120/136 MP: 0/17
 30437 | Spider:4 | Identified the +5 pair of boots "Vosets" {rN+ Will++ Str+2
                  | SInv}
 30555 | Spider:4 | Got a gossamer rune of Zot
 31096 | Vaults:1 | Entered Level 1 of the Vaults
 31215 | Vaults:1 | Reached skill level 10 in Evocations
 31312 | Vaults:1 | Found a crumbling gateway.
 31525 | Vaults:1 | You are sucked into a shaft and drop 1 floor!
 32361 | Vaults:1 | Found Hyqir's Magic Scroll Shoppe.
 32450 | Vaults:1 | Noticed a lich
 32460 | Vaults:1 | Killed a lich
 32750 | Vaults:1 | Found a radiant altar of Vehumet.
 33083 | Vaults:2 | Reached XP level 19. HP: 143/143 MP: 18/18
 34054 | Vaults:2 | Reached skill level 1 in Throwing
 34387 | Vaults:2 | Found a runed translucent gate.
 34387 | Vaults:2 | Found a runed translucent gate.
 34387 | Vaults:2 | Found a runed translucent gate.
 34387 | Vaults:2 | Noticed Luiw's ghost (veteran HOBe)
 34472 | Vaults:2 | Found a staircase to the Crypt.
 34472 | Vaults:2 | Found an ancient bone altar of Kikubaaqudgha.
 34472 | Vaults:2 | Found a basalt altar of Yredelemnul.
 35211 | D:5      | Killed arandomgamer's ghost
 35596 | Vaults:3 | Found a flickering gateway to a bazaar.
 35605 | Bazaar   | Entered a bazaar
 35621 | Bazaar   | Found Dulosuo's Magic Scroll Emporium.
 35622 | Bazaar   | Found Veolo's Armour Emporium.
 35665 | Bazaar   | Found Nelodd's General Store.
 35665 | Bazaar   | Found Gustraf's Assorted Antiques.
 35673 | Bazaar   | Bought a scroll of enchant armour for 105 gold pieces
 35687 | Bazaar   | Bought a potion of heal wounds for 105 gold pieces
 35687 | Bazaar   | Bought a potion of might for 84 gold pieces
 35687 | Bazaar   | Bought a potion of curing for 63 gold pieces
 35715 | Bazaar   | Bought a scroll of acquirement for 780 gold pieces
 35715 | Bazaar   | Acquired 567 gold pieces
 36162 | Vaults:3 | Noticed Boris
 36168 | Vaults:3 | Killed Boris
 37760 | Vaults:4 | Reached skill level 5 in Throwing
 37771 | Vaults:4 | Reached XP level 20. HP: 141/152 MP: 19/19
 38327 | Vaults:4 | Noticed Xtahua
 38332 | Vaults:4 | Killed Xtahua
 38552 | Vaults:4 | Noticed a dread lich
 38564 | Vaults:4 | Killed a dread lich
 38792 | Vaults:4 | Found a runed translucent gate.
 38792 | Vaults:4 | Found a runed translucent gate.
 38792 | Vaults:4 | Found a runed translucent gate.
 38805 | Vaults:4 | Noticed Yptir's ghost (adept AtFE)
 39084 | Vaults:2 | Killed Luiw's ghost
 39277 | Elf:1    | Entered Level 1 of the Elven Halls
 39429 | Elf:1    | Paralysed by an air elemental for 1 turns
 39435 | Elf:1    | Paralysed by an air elemental for 1 turns
 39440 | Elf:1    | Paralysed by an air elemental for 1 turns
 39443 | Elf:1    | Paralysed by an air elemental for 1 turns
 39459 | Elf:1    | Identified the +9 trident "Nemaf" {speed, rC+ rCorr Int+3}
 39525 | Elf:1    | Lost mutation: You are vulnerable to cold. (rC-) [potion of
                  | mutation]
 39525 | Elf:1    | Lost mutation: You are partially covered in iridescent
                  | scales. (AC +2) [potion of mutation]
 39525 | Elf:1    | Lost mutation: You are frail. (-10% HP) [potion of
                  | mutation]
 39525 | Elf:1    | Gained mutation: You are agile. (Dex +4, Str/Int -1)
                  | [potion of mutation]
 39525 | Elf:1    | Gained mutation: You are robust. (+10% HP) [potion of
                  | mutation]
 39885 | Elf:1    | Found Fuacruy's Book Boutique.
 39918 | Elf:1    | Found a shimmering blue altar of Sif Muna.
 40037 | Elf:1    | Found Apash's Weapon Shoppe.
 40338 | Elf:2    | Paralysed by an air elemental for 1 turns
 40341 | Elf:2    | Paralysed by an air elemental for 1 turns
 40391 | Elf:2    | Found Jeitam's Antique Armour Boutique.
 40476 | Elf:2    | Bought a pair of embroidered gloves for 195 gold pieces
 40522 | Elf:2    | Acquired 787 gold pieces
 40773 | Elf:2    | Found a large runed translucent door.
 40773 | Elf:2    | Found a large runed translucent door.
 40800 | Elf:2    | Found a large runed translucent door.
 40800 | Elf:2    | Found a large runed translucent door.
 41136 | Elf:2    | Reached XP level 21. HP: 194/200 MP: 20/20
 41370 | Elf:3    | Entered Level 3 of the Elven Halls
 41607 | Elf:2    | Reached skill level 27 in Axes
 42423 | Elf:3    | Paralysed by an air elemental for 1 turns
 42500 | Elf:3    | Identified the ring "Umeritog" {rF+ Str+6}
 42724 | Elf:3    | Identified the +1 halberd "Xuffium" {spect, Will+ Str+3
                  | Int+7 SInv}
 42730 | Elf:3    | Identified the +7 dagger "Hydrabane" {flame, rElec rPois
                  | Int+2}
 42730 | Elf:3    | Identified the ring "Xuti" {*Slow Fly rF+ Int+3}
 42733 | Elf:3    | Identified the amulet "Rinyurih" {RegenMP rF+ Str+2}
 42735 | Elf:3    | Identified the +5 spear of Ryighox {protect, *Corrode rElec
                  | Int+4 Dex+2}
 42845 | Elf:3    | Identified the ring "Caekkac" {Fly rElec rC+ Str-2}
 42945 | Elf:3    | Got the Spellbook of Glowing Malisons
 43251 | Elf:3    | Found a gateway to a bazaar.
 43265 | Bazaar   | Entered a bazaar
 43267 | Bazaar   | Found Hahimor's General Store.
 43271 | Bazaar   | Found Qadeit Umau's Antique Weapon Boutique.
 43271 | Bazaar   | Found Atuont's Antique Armour Boutique.
 43272 | Bazaar   | Found Welib's Antique Weapon Boutique.
 43277 | Bazaar   | Bought a pair of glowing gloves for 135 gold pieces
 43316 | Bazaar   | Bought a potion of invisibility for 104 gold pieces
 43316 | Bazaar   | Bought a potion of berserk rage for 65 gold pieces
 43851 | Vaults:5 | Entered Level 5 of the Vaults
 45152 | Vaults:5 | Identified the +5 battleaxe of Foul Odours {heavy, rC-
                  | Str+2 Dex+5 Stlth+}
 45322 | Vaults:5 | Noticed an ancient lich
 45322 | Vaults:5 | Identified the +6 hand axe "Xebyu" {antimagic, Contam rN++
                  | Dex+3}
 45322 | Vaults:5 | Identified the ring of Jacasata {Wiz *Corrode rF+ Str+6}
 45325 | Vaults:5 | Killed an ancient lich
 45327 | Vaults:5 | Reached XP level 22. HP: 211/213 MP: 0/21
 45331 | Vaults:5 | Reached skill level 10 in Throwing
 45598 | Vaults:5 | Identified the +1 whip "Ablefoq" {freeze, rPois Str+3
                  | Int+2}
 45832 | Vaults:5 | Identified the +7 short sword of Lies {speed, *Slow rElec
                  | rPois rC+}
 45863 | Vaults:5 | Identified the +5 short sword of Gozag, Gazing {pain, Fly
                  | rPois rC+ Int-5}
 45865 | Vaults:5 | Identified the amulet "Vuumei Wylo" {Faith rElec rPois}
 46360 | Vaults:5 | Got a silver rune of Zot
 46364 | Vaults:5 | Identified the +0 pair of gloves "Geizxa" {Rampage rElec
                  | rF+ Int-3}
 46969 | Vaults:5 | Identified the +0 helmet of a bazaar {rF- Int+3 Slay+5}
 46981 | Vaults:5 | Identified the +4 ring mail of Darkness {*Slow rPois rN+
                  | Will+}
 46983 | Vaults:5 | Identified the +1 falchion of Duty {flame, Str-5 Dex+4}
 46989 | Vaults:5 | Got the Tome of Nephomancy
 46998 | Vaults:5 | Identified the +3 short sword "Licre" {freeze, Int+4}
 47354 | Vaults:5 | Reached skill level 1 in Dodging
 47732 | Depths:1 | Entered Level 1 of the Depths
 47800 | Depths:1 | Noticed Boris
 47804 | Depths:1 | Killed Boris
 48209 | Depths:1 | Acquired 697 gold pieces
 48711 | Depths:1 | Found a gateway to Hell.
 48957 | Depths:1 | Found an opulent altar of Gozag.
 49132 | Depths:2 | Found Tegabet's Changing Room.
 49141 | Depths:2 | Bought a potion of mutation for 112 gold pieces
 49141 | Depths:2 | Bought 2 potions of mutation for 224 gold pieces
 49239 | Depths:2 | Noticed Sojobo
 49266 | Depths:2 | Killed Sojobo
 50133 | Depths:2 | Found a one-way gateway to a ziggurat.
 50224 | Depths:2 | Reached XP level 23. HP: 224/224 MP: 22/22
 50373 | Depths:2 | Identified the +6 mace "Goblinslayer" {drain, Str+5}
 50730 | Depths:3 | Found a runed translucent gate.
 50730 | Depths:3 | Found a runed translucent gate.
 50730 | Depths:3 | Found a runed translucent gate.
 50730 | Depths:3 | Found an ancient bone altar of Kikubaaqudgha.
 50732 | Depths:3 | Noticed an ancient lich
 50732 | Depths:3 | Noticed a dread lich
 50733 | Depths:3 | Noticed Ubraesch's ghost (adept TrMo)
 51127 | Depths:3 | Noticed a caustic shrike
 51127 | Depths:3 | Noticed a caustic shrike
 51127 | Depths:3 | Noticed a caustic shrike
 51127 | Depths:3 | Noticed a caustic shrike
 51127 | Depths:3 | Noticed a caustic shrike
 51141 | Depths:3 | Killed a caustic shrike
 51141 | Depths:3 | Killed a caustic shrike
 51142 | Depths:3 | Killed a caustic shrike
 51144 | Depths:3 | Killed a caustic shrike
 51145 | Depths:3 | Reached skill level 5 in Dodging
 51146 | Depths:3 | Killed a caustic shrike
 51528 | D:11     | You paid a toll of +3 storm dragon scales to enter a
                  | treasure trove
 51529 | Trove    | Entered a treasure trove
 51533 | Trove    | Found the +7 lajatang of Order {silver, rMut}
 51549 | Trove    | Identified the +4 hand axe of Defence by Offence {speed,
                  | Stlth+}
 51558 | Trove    | Identified the +9 broad axe of Prudence {venom, rElec rC+
                  | Str+5}
 52031 | Depths:3 | Found a one-way gate to the infinite horrors of the Abyss.
 52287 | Depths:3 | Noticed Boris
 52295 | Depths:3 | Killed Boris
 52799 | Depths:3 | Killed a dread lich
 52808 | Depths:3 | Killed Ubraesch's ghost
 52819 | Depths:3 | Killed an ancient lich
 52995 | Depths:3 | Identified the +0 pair of gloves of the Gastropod {rC-
                  | rCorr Int+5 Slay+4}
 53001 | Depths:3 | Identified the amulet of Imyux {Reflect Harm Drain rElec
                  | Regen+ SH+5 Stlth+}
 53025 | Depths:3 | Identified the ring of Miracles {Drain Will+ Dex+8}
 53033 | Depths:3 | Got Kikubaaqudgha's Omnibus of the Morgue
 53114 | Depths:4 | Entered Level 4 of the Depths
 53206 | Depths:4 | Found a magical portal.
 53239 | Depths:4 | Noticed Boris
 53241 | Depths:4 | Found a gate to the Realm of Zot.
 53254 | Depths:4 | Killed Boris
 53698 | WizLab   | Entered The Hall of the Hellbinder
 54170 | WizLab   | Noticed Tihumn
 54180 | WizLab   | Killed Tihumn the Hellbinder
 54187 | WizLab   | Found a burning altar of Makhleb.
 54589 | WizLab   | Got the Incunabulum of the Entourage
 55434 | Crypt:1  | Entered Level 1 of the Crypt
 55456 | Crypt:1  | Reached XP level 24. HP: 235/237 MP: 16/22
 57410 | Elf:2    | Bought the +9 scales of the Dragon King {rPois rF+ rC+
                  | Will+} for 3244 gold pieces
 57410 | Elf:2    | Found the +9 scales of the Dragon King {rPois rF+ rC+
                  | Will+}
 58473 | Crypt:2  | Identified the ring of Moderation {Str+3 Dex+2 SInv}
 59278 | Crypt:3  | Entered Level 3 of the Crypt
 60060 | Crypt:3  | Noticed a dread lich
 60063 | Crypt:3  | Reached XP level 25. HP: 114/249 MP: 0/22
 60070 | Crypt:3  | Killed a dread lich
 60470 | Crypt:3  | Found a basalt altar of Yredelemnul.
 60487 | Crypt:3  | Found an ancient bone altar of Kikubaaqudgha.
 60841 | Crypt:3  | Found a staircase to the Tomb.
 61207 | Hell     | Entered the Vestibule of Hell
 61209 | Hell     | Noticed Geryon
 61223 | Hell     | Killed Geryon
 61261 | Hell     | Reached skill level 10 in Dodging
 62473 | Hell     | Gained mutation: You sometimes lose your temper in combat.
                  | [a cacodemon]
 62475 | Hell     | Gained mutation: You are dopey. (Int -2) [a cacodemon]
 62517 | Hell     | Found a gateway to the decaying netherworld of Tartarus.
 62607 | Hell     | Found a gateway to the freezing wastes of Cocytus.
 62883 | Hell     | Found a gateway to the Iron City of Dis.
 63156 | Hell     | Found a gateway to the ashen valley of Gehenna.
 64254 | Slime:1  | Entered Level 1 of the Pits of Slime
 64800 | Slime:2  | Lost intelligence.
 64800 | Slime:2  | Gained mutation: You are very dopey. (Int -4) [a shining
                  | eye]
 64801 | Slime:2  | Gained mutation: Your magical capacity is low. (-10% MP) [a
                  | shining eye]
 64804 | Slime:2  | Gained mutation: Your magical capacity is very low. (-20%
                  | MP) [a shining eye]
 64818 | Slime:1  | Lost mutation: You are very dopey. (Int -4) [potion of
                  | mutation]
 64818 | Slime:1  | Lost mutation: You are agile. (Dex +4, Str/Int -1) [potion
                  | of mutation]
 64818 | Slime:1  | Gained mutation: Your spells are a little easier to cast,
                  | but a little less powerful. [potion of mutation]
 64819 | Slime:1  | Lost mutation: Your magical capacity is very low. (-20% MP)
                  | [potion of mutation]
 64819 | Slime:1  | Lost mutation: You are robust. (+10% HP) [potion of
                  | mutation]
 64819 | Slime:1  | Gained mutation: You expend magic power (3 MP) to
                  | strengthen your wands. [potion of mutation]
 64819 | Slime:1  | Gained mutation: Your system is resistant to poisons.
                  | (rPois) [potion of mutation]
 64820 | Slime:1  | Lost mutation: Your spells are a little easier to cast, but
                  | a little less powerful. [potion of mutation]
 64820 | Slime:1  | Lost mutation: You expend magic power (3 MP) to strengthen
                  | your wands. [potion of mutation]
 64820 | Slime:1  | Gained mutation: You have a somewhat thin skeletal
                  | structure. (Dex +2, Stealth+) [potion of mutation]
 64820 | Slime:1  | Gained mutation: You are agile. (Dex +4, Str/Int -1)
                  | [potion of mutation]
 64821 | Slime:1  | Lost mutation: Your magical capacity is low. (-10% MP)
                  | [potion of mutation]
 64821 | Slime:1  | Lost mutation: You have a somewhat thin skeletal structure.
                  | (Dex +2, Stealth+) [potion of mutation]
 64821 | Slime:1  | Lost mutation: You are agile. (Dex +4, Str/Int -1) [potion
                  | of mutation]
 64821 | Slime:1  | Gained mutation: You are strong-willed. (Will+) [potion of
                  | mutation]
 64822 | Slime:1  | Lost mutation: You sometimes lose your temper in combat.
                  | [potion of mutation]
 64822 | Slime:1  | Lost mutation: You are dopey. (Int -2) [potion of mutation]
 64822 | Slime:1  | Gained mutation: Your muscles are strong. (Str +4, Int/Dex
                  | -1) [potion of mutation]
 64822 | Slime:1  | Gained mutation: You are agile. (Dex +4, Str/Int -1)
                  | [potion of mutation]
 64822 | Slime:1  | Gained mutation: You are highly strong-willed. (Will++)
                  | [potion of mutation]
 65390 | Zot:1    | Entered Level 1 of the Realm of Zot
 65402 | Zot:1    | Reached skill level 1 in Staves
 65418 | Zot:1    | Noticed Grunn
 65427 | Zot:1    | Killed Grunn
 66298 | Zot:1    | Reached skill level 5 in Staves
 67150 | Zot:2    | Reached XP level 26. HP: 226/234 MP: 4/22
 67611 | Zot:2    | Noticed an orb of fire
 67619 | Zot:2    | Killed an orb of fire
 67756 | Zot:2    | Identified the ring "Giextuss" {Ice Str-5 Dex+6 SInv
                  | Stlth-}
 67775 | Zot:2    | Identified the +7 rapier "Kutwyttade" {holy, Fly rN++
                  | Will-}
 67777 | Zot:2    | Reached skill level 10 in Staves
 69541 | Zot:3    | Reached skill level 27 in Fighting
 69656 | Zot:3    | Found a runed translucent door.
 69656 | Zot:3    | Found a shimmering altar of Xom.
 69656 | Zot:3    | Noticed Kawoqao's ghost (legendary MiBe)
 70183 | Zot:3    | Killed Kawoqao's ghost
 72448 | Zot:5    | Entered Level 5 of the Realm of Zot
 72484 | Zot:5    | Reached skill level 27 in Armour
 72854 | Zot:5    | Reached XP level 27. HP: 202/245 MP: 11/22
 73026 | Zot:5    | Noticed an ancient lich
 73028 | Zot:5    | Noticed an ancient lich
 73099 | Zot:5    | Noticed an orb of fire
 73099 | Zot:5    | Killed an ancient lich
 73102 | Zot:5    | Noticed an orb of fire
 73103 | Zot:5    | Noticed a dread lich
 73105 | Zot:5    | Gained mutation: You are vulnerable to cold. (rC-) [an orb
                  | of fire]
 73106 | Zot:5    | Gained mutation: Your body sometimes deteriorates upon
                  | taking damage. [an orb of fire]
 73107 | Zot:5    | Killed an orb of fire
 73108 | Zot:5    | Noticed an orb of fire
 73108 | Zot:5    | Killed an ancient lich
 73111 | Zot:5    | Noticed an orb of fire
 73112 | Zot:5    | Killed an orb of fire
 73117 | Zot:5    | Noticed an orb of fire
 73120 | Zot:5    | Killed an orb of fire
 73123 | Zot:5    | Killed a dread lich
 73125 | Zot:5    | Killed an orb of fire
 73133 | Zot:5    | Reached skill level 27 in Shields
 73137 | Zot:5    | Killed an orb of fire
 73622 | Zot:5    | Reached skill level 15 in Throwing
 73646 | Zot:5    | Noticed a dread lich
 73646 | Zot:5    | Noticed an orb of fire
 73658 | Zot:5    | Killed a dread lich
 73660 | Zot:5    | Gained mutation: You are frail. (-10% HP) [an orb of fire]
 73664 | Zot:5    | Killed an orb of fire
 73672 | Zot:5    | Reached skill level 15 in Evocations
 74913 | Slime:2  | Gained mutation: You occasionally lose the ability to read
                  | scrolls when taking damage. [a shining eye]
 74924 | Slime:2  | Lost mutation: You are frail. (-10% HP) [potion of
                  | mutation]
 74924 | Slime:2  | Lost mutation: Your muscles are strong. (Str +4, Int/Dex
                  | -1) [potion of mutation]
 74924 | Slime:2  | Gained mutation: You have sharp toenails. [potion of
                  | mutation]
 74924 | Slime:2  | Gained mutation: Your mind is acute. (Int +4, Str/Dex -1)
                  | [potion of mutation]
 74983 | Slime:5  | Entered Level 5 of the Pits of Slime
 75007 | Slime:5  | Gained mutation: Your body often deteriorates upon taking
                  | damage. [a shining eye]
 75010 | Slime:5  | Noticed the Royal Jelly
 75021 | Slime:5  | Killed the Royal Jelly
 75292 | Slime:5  | Identified the ring "Dekeow" {rElec Will+ Dex+3}
 75294 | Slime:5  | Got a slimy rune of Zot
 75295 | Slime:5  | Identified the +11 great sword of Blood-Lust {freeze, rElec
                  | rPois rC+ Int-3}
 75323 | Slime:5  | Got the Book of the Icy Anticline
 76039 | Zot:5    | Got the Orb of Zot
 76184 | Zot:3    | Gained mutation: You have hidden genetic defects. [a
                  | neqoxec]
 76675 | D:$      | Escaped with the Orb!

Illustrated notes

Levels and vault maps discovered:
D:1:      wander_arrival_lonely_grave, layout_basic
D:2:      layout_loops_ring, basic_altar,
          dreamdust_ecumenical_altar_drowned_temple, uniq_sigmund
D:3:      wad_woods_stonehenge, layout_basic, nicolae_nh_oracle_at_delphi
D:4:      layout_loops_ring, nicolae_qazlal_eye_of_the_storm, uniq_ijyb,
          uniq_edmund
D:5:      layout_basic, gammafunk_ghost_nasty_kobolds, st_stairs_7
D:6:      layout_basic, lightli_sewer_entry_pipes, uniq_eustachio, uniq_pikel,
          uniq_duvessa
D:7:      layout_cave_pools, minmay_temple_entry_from_below_a, serial_glass,
          glass_columns_a, glass_columns_a, glass_columns_c, glass_columns_a,
          glass_columns_a, glass_columns_a, enter_ossuary_3,
          hangedman_glass_teeth
D:8:      cheibrodos_histonic, layout_basic, dpeg_lair_monsters,
          serial_park_tiny_2, kennysheep_generic_room_11
D:9:      layout_loops_ring, serial_shops,
          nicolae_shop_competitors_out_of_business, chequers_mini_garden
D:10:     layout_long_grid, serial_shops, shop
D:11:     layout_basic, serial_shops, nicolae_shop_hallway_plus, enter_trove_0
D:12:     layout_loops_cross, erik_orc_1
D:13:     layout_cave_pools, lightli_vaults_fourway_checkpoint,
          nicolae_tso_swordbearing_angel
D:14:     layout_roguey, gauntlet_entry_generic, elyvilon_altar_4,
          minmay_unpleasant_kobolds
D:15:     hangedman_depths_entry_civil_slaughter, layout_basic,
          serial_co_window_serial, co_window_paths_a,
          co_window_of_opportunity_a, co_window_paths_a, co_window_corner_a,
          co_window_paths_b, co_window_corner_b, co_window_broadway_b,
          co_window_broadway_c, co_window_broadway_c, co_window_cross_3,
          glass_columns_a, nicolae_ru_the_path_less_chosen
Temple:   kilobyte_greek_temple
Lair:1:   layout_roguey, grunt_megastairs_3, infiniplex_staircase_pool,
          lemuel_fruit_fields, serial_bayou_shore_b, lemuel_fruit_fields
Lair:2:   minmay_lair_venomous_thicket, layout_hall_layers,
          nicolae_spider_entry_orb_guardian, serial_bayou,
          serial_bayou_lagoon_a, serial_bayou_pond_c, serial_bayou_lagoon_b,
          serial_bayou_ford_a, special_room [special_room_bee], uniq_nergalle
Lair:3:   layout_misc_corridors, nicolae_swamp_entry_splash_gauntlet,
          evilmike_ambush [evilmike_ambush_outer_basic,
          evilmike_ambush_inner_basic]
Lair:4:   layout_concentric_octagons
Lair:5:   minmay_lair_end_enchanted_forest, layout_hall_layers,
          minmay_slime_entry_oklob_enclosed, wad_woods_road_03, uniq_nessos
Swamp:1:  layout_falls_marsh, nicolae_swamp_fairy_circle
Swamp:2:  layout_falls_marsh, gammafunk_ghost_grave, evilmike_swamp_ruin_house_4
Swamp:3:  cheibrodos_swamp_monstrosity, layout_basic_swamp,
          ebering_ghost_reflecting_pool, serial_swamp_ruin,
          evilmike_swamp_ruin_rubble_1, evilmike_swamp_ruin_house_2,
          hangedman_swamp_ruin_wall
Swamp:4:  swamp_old_school, layout_basic_swamp, nicolae_swamp_bloodsuckers_inc
Spider:1: layout_spider_delve, guppyfry_spider_mini_3, uniq_louise, uniq_rupert,
          uniq_josephine
Spider:2: layout_spider_delve, portal_ice_cave_entry_ice_statue_one,
          hangedman_spider_tarantella_strand
Spider:3: layout_spider_delve, hellmonk_test_site
Spider:4: spider_rune_water, nicolae_spider_rock_and_or_roll, uniq_arachne
Slime:1:  layout_caves, nicolae_slime_phagocytosis
Slime:2:  layout_caves
Slime:3:  layout_caves
Slime:4:  layout_caves
Slime:5
Orc:1:    orc_temple, layout_caves, nicolae_orc_stony_grotto
Orc:2:    pf_orc_diabolical, layout_diamond_mine
Elf:1:    layout_geoelf_octagon, basic_altar, serial_shops,
          nicolae_shop_waterfront, nicolae_shop_behind_doors, minivault_28
Elf:2:    elven_hall_of_blades_hangedman_alternative
          [nicolae_blade_entry_splitting_headache], layout_gridlike,
          serial_shops, shop, nicolae_elf_stone_circles
Elf:3:    minmay_elf_hall_statues, layout_rooms, serial_shops, statue_bzr
Vaults:1: portal_desolation_entry_twin_temple, hangedman_vaults_pinch,
          hangedman_vaults_nodes, v_misc_25, vaults_room_grid,
          vaults_standard_mumra_lines, vaults_mumra_minichess_inversion,
          ontoclasm_vaults_eye, grunt_tower_of_power,
          nicolae_vaults_little_squares_6, grunt_vaults_hallway_short,
          vaults_mumra_hex, vaults_dpeg_ring, layout_vaults_ring, serial_shops,
          shop
Vaults:2: ebering_ghost_rock_garden, v_misc_33, minmay_crypt_entry_necro_gods,
          nicolae_vaults_fighting_squares, nicolae_vaults_what_the_h,
          v_pattern_1, vaults_standard_mumra_x, ontoclasm_vaults_ring_small,
          serial_ice_b, v_alt_pattern_2, v_misc_17, vaults_dpeg_emergency_exit,
          layout_vaults_omnicross
Vaults:3: dpeg_vaults_monster_row, v_alt_pattern_1, nicolae_vaults_octagons,
          nicolae_vaults_specimen_jars, v_misc_8, vaults_room_ringed_pool,
          v_pattern_4, vaults_dpeg_hooks, vaults_room_corners,
          nicolae_vaults_sealed_display, nicolae_vaults_mini_display_case,
          nicolae_vaults_rhombus_7, vaults_room_pool, layout_vaults_omnigrid,
          serial_shops, bzr_firewalk, uniq_boris
Vaults:4: gammafunk_ghost_tricky_traps, v_misc_13, vaults_room_boxed, v_misc_22,
          ontoclasm_vaults_decontamination, vaults_room_octagon,
          ontoclasm_vaults_idyll, grunt_vaults_twisty, v_misc_32,
          vaults_room_semicircle, vaults_room_pools, st_lines,
          nicolae_vaults_triangles, hangedman_vaults_capsules,
          nicolae_vaults_asterisk, nicolae_vaults_little_squares_3,
          layout_vaults_omnibox, uniq_xtahua
Vaults:5
Crypt:1:  layout_rooms, st_vampire_maze
Crypt:2:  minmay_skeleton_keep, layout_misc_corridors,
          nicolae_crypt_small_crypt, grunt_megastairs_1
Crypt:3:  lightli_unholy_cathedral, layout_chaotic_city,
          tomb_entry_simple_bobbens
Depths:1: minmay_firetagon, layout_gridlike, grunt_hell_entry_dis_grunt,
          grunt_gozag_breadcrumbs, hangedman_cracks_in_the_wall,
          serial_bayou_shore_b
Depths:2: minmay_glassy_protrusions, layout_gridville, enter_ziggurat_e,
          rand_demon_pan_entry_7, hell_entry,
          nicolae_concentric_dashed_squares_wild, nicolae_transmutations_shop,
          nicolae_kite_square_tiling_tiny, infiniplex_staircase_zigzag_5,
          uniq_sojobo
Depths:3: grunt_deathspiral_large, layout_cross, chequers_serial_rivers_micro_e,
          gammafunk_ghost_crypt, hell_entry, abyss_entry_small_statue_room,
          kennysheep_generic_room_10
Depths:4: evilmike_zot_entry_argh, layout_gridville,
          hangedman_abyss_entry_splay, infiniplex_enter_wizlab_water,
          pf_hell_entry_tar_spiral
Hell
Zot:1:    nicolae_zot_stationary_front, layout_twisted_circle,
          lemuel_flame_loot_1, uniq_grunn
Zot:2:    cheibrodos_zot_enchanting_chambers, layout_cathedral_of_symmetry
Zot:3:    layout_basic, ebering_ghost_xom, grunt_megastairs_4
Zot:4:    layout_cathedral_of_symmetry
Zot:5:    layout_misc_corridors, hangedman_zot_decor_slant

Skill      XL: |  1  2  3  4  5  6  7  8  9 10 11 12 13 14 15 16 17 18 19 20 21 22 23 24 25 26 27 |
---------------+----------------------------------------------------------------------------------+-----
Axes           | 3 4 5 6 7 9 11 13 14 16 18 19 20 22 23 24 25 26 27 | 27.0
Fighting       | 4 5 6 7 8 9 11 12 13 14 15 16 17 18 19 21 22 23 25 26 27 | 27.0
Armour         | 4 5 6 7 8 9 11 12 13 14 15 16 17 18 19 21 23 24 25 26 27 | 27.0
Shields        | 4 5 6 7 8 9 11 12 13 14 15 16 17 18 19 21 22 23 24 25 27 | 27.0
Evocations     | 3 5 7 8 9 10 11 12 13 16 | 16.1
Throwing       | 5 7 9 11 12 13 14 17 | 17.0
Dodging        | 3 7 9 10 | 10.5
Staves         | 8 14 | 14.2

Action                     |  1- 3 |  4- 6 |  7- 9 | 10-12 | 13-15 | 16-18 | 19-21 | 22-24 | 25-27 || total
---------------------------+-------+-------+-------+-------+-------+-------+-------+-------+-------++-------
  Melee: War axe           |    74 |   113 |   320 |   250 |       |       |       |       |       ||   757
         Headbutt          |     3 |    18 |    43 |   114 |   237 |   289 |   265 |   324 |   340 ||  1633
         Broad axe         |       |       |       |   247 |   555 |       |       |       |       ||   802
         Labrys            |       |       |       |       |   499 |  1061 |   973 |  1077 |  1061 ||  4671
  Throw: Javelin           |       |       |       |    14 |     4 |       |    20 |    28 |     2 ||    68
         Boomerang         |       |       |       |       |       |       |     4 |       |       ||     4
 Invoke: Ancestor Identity |       |       |       |     1 |       |       |       |       |       ||     1
         Recall Ancestor   |       |       |       |     1 |       |     2 |     1 |     1 |     1 ||     6
         Ancestor Life: Kn |       |       |       |     1 |       |       |       |       |       ||     1
         Idealise          |       |       |       |       |       |     1 |       |       |       ||     1
  Evoke: Wand              |       |     1 |     8 |    14 |    14 |    13 |    15 |    29 |    14 ||   108
         Tin of tremorston |       |       |       |       |       |     4 |     2 |     2 |     1 ||     9
         Condenser vane    |       |       |       |       |       |       |       |     5 |     2 ||     7
         Box of beasts     |       |       |       |       |       |       |       |     3 |     2 ||     5
         Phantom mirror    |       |       |       |       |       |       |       |     2 |     2 ||     4
         Horn of Geryon    |       |       |       |       |       |       |       |       |     3 ||     3
         Lightning rod     |       |       |       |       |       |       |       |       |     1 ||     1
    Use: Potion            |     1 |     1 |     2 |     6 |     4 |    16 |     6 |    14 |    17 ||    67
         Scroll            |       |     3 |    14 |    19 |     4 |     6 |    12 |    11 |     8 ||    77
   Stab: Distracted        |       |       |       |     3 |     8 |    23 |    11 |    15 |    25 ||    85
         Confused          |       |       |       |     2 |       |     2 |       |       |       ||     4
         Invisible         |       |       |       |       |     7 |       |     7 |     1 |       ||    15
 Armour: Scale mail        |     7 |       |       |       |       |       |       |       |       ||     7
         Plate armour      |    55 |    74 |   220 |   105 |       |       |       |       |       ||   454
         Crystal plate arm |       |       |       |   235 |   588 |   805 |   413 |   325 |       ||  2366
         Gold dragon scale |       |       |       |       |       |       |       |    49 |   399 ||   448
  Dodge: Dodged            |    24 |    42 |    94 |   112 |   138 |   181 |    98 |   131 |   259 ||  1079
  Block: Buckler           |    23 |    26 |   105 |   254 |   450 |       |       |       |       ||   858
         Reflection        |       |       |       |       |    25 |    33 |    90 |    33 |    29 ||   210
         Kite shield       |       |       |       |       |   217 |   280 |       |       |       ||   497
         Tower shield      |       |       |       |       |       |  1036 |  1011 |   993 |  1068 ||  4108
         Other             |       |       |       |       |       |     1 |       |       |       ||     1

Table legend: (Time is in decaauts)
 A = Elapsed time spent in this place.
 B = Non-inter-level travel time spent in this place.
 C = Inter-level travel time spent in this place.
 D = Time resting spent in this place.
 E = Time spent auto-exploring this place.
 F = Levels seen in this place.
 G = Mean time per level.
                   A        B        C        D        E       F      G
               +--------+--------+--------+--------+--------+-----+--------+
         Total |  75807 |  65524 |  10283 |  14985 |  36654 |  63 | 1203.3 |
       Dungeon |  17951 |  13823 |   4128 |   2394 |   8731 |  15 | 1196.7 |
        Temple |    174 |    142 |     32 |      0 |    126 |   1 |  174.0 |
          Lair |   5686 |   4641 |   1045 |    289 |   3307 |   5 | 1137.2 |
         Swamp |   3554 |   3173 |    381 |    546 |   1945 |   4 |  888.5 |
   Spider Nest |   4922 |   4722 |    200 |   1328 |   2407 |   4 | 1230.5 |
    Slime Pits |   1499 |   1279 |    220 |    186 |    541 |   5 |  299.8 |
  Orcish Mines |   2110 |   1552 |    558 |    377 |    813 |   2 | 1055.0 |
   Elven Halls |   4363 |   4024 |    339 |   1080 |   1806 |   3 | 1454.3 |
        Vaults |  11224 |  10002 |   1222 |   3093 |   4749 |   5 | 2244.8 |
         Crypt |   4964 |   4714 |    250 |    981 |   2956 |   3 | 1654.7 |
        Depths |   7644 |   6398 |   1246 |   1896 |   3517 |   4 | 1911.0 |
          Hell |   1067 |   1044 |     23 |     46 |    755 |   1 | 1067.0 |
           Zot |   9092 |   8459 |    633 |   2290 |   4703 |   5 | 1818.4 |
        Bazaar |    208 |    208 |      0 |      0 |     73 |   2 |  104.0 |
         Trove |     43 |     43 |      0 |      0 |      0 |   1 |   43.0 |
         Sewer |    146 |    146 |      0 |      0 |    111 |   1 |  146.0 |
       Ossuary |    220 |    220 |      0 |      0 |    112 |   1 |  220.0 |
        Wizlab |    933 |    933 |      0 |    475 |      0 |   1 |  933.0 |
               +--------+--------+--------+--------+--------+-----+--------+

Top non-repeatable levels by time:
Vaults:4: 3062 daAuts
Depths:1: 2817 daAuts
 Crypt:2: 2614 daAuts
Vaults:5: 2450 daAuts
   Zot:1: 2041 daAuts
   Zot:4: 1991 daAuts
     D:8: 1982 daAuts
Depths:3: 1978 daAuts
Vaults:1: 1963 daAuts
Vaults:3: 1960 daAuts
   Zot:3: 1938 daAuts
     D:4: 1847 daAuts
Vaults:2: 1787 daAuts
   Zot:2: 1685 daAuts
   Orc:2: 1678 daAuts
